Map: Invader LE

Players

Thor - Winner!

  • Race: Terran Terran
  • Spawn Location: 11:00

A.I. 1 (Very Easy)

  • Race: Terran Terran
  • Spawn Location: 1:00

VOD

Have the link to the VOD?

Description

Time

  • Played on: April 6, 2016, 5:44 a.m.
  • Length: 10:37
Show
View Real Time Build Order
Export as new Build Order

Thor Terran - Winner!

Build Orders: Reaper Expand 

Get SALT Encoding   

  12  0:01  SCV  
  13  0:13  SCV  
  14  0:18  Supply Depot  
  14  0:25  SCV  
  15  0:39  SCV  
  15  0:40  Barracks  
  16  0:45  Refinery  
  16  0:52  SCV  
  17  1:06  SCV  
  18  1:18  SCV  
  19  1:29  Reaper  
  19  1:31  Orbital Command  
  20  1:47  Command Center  
  20  1:58  Supply Depot  
  20  1:59  SCV  
  21  2:07  Marine  
  21  2:16  SCV  
  21  2:17  Factory  
  22  2:23  Refinery  
  22  2:27  Marine  
  22  2:28  SCV  
  24  2:40  SCV  
  25  2:49  Marine  
  26  2:52  SCV  
  27  3:00  Orbital Command  
  27  3:02  Factory Tech Lab  
  27  3:03  Starport  
  27  3:09  SCV  
  28  3:17  Marine  
  29  3:25  SCV  
  29  3:26  Cyclone  
  33  3:33  SCV  
  34  3:36  Barracks Reactor  
  34  3:38  SCV  
  35  3:44  Viking  
  35  3:47  Barracks  
  37  3:49  SCV  
  37  3:50  Barracks  
  37  3:51  SCV  
  37  3:54  Supply Depot  
  39  4:04  SCV x2  
  39  4:07  Siege Tank  
  44  4:13  Marine  
  44  4:14  Marine  
  46  4:17  SCV x2  
  46  4:18  Starport Reactor  
  48  4:25  Supply Depot  
  48  4:30  SCV  
  49  4:31  SCV  
  49  4:34  Marine x2  
  52  4:48  SCV  
  52  4:49  SCV, Command Center  
  52  4:51  Factory Tech Lab  
  54  4:55  Marine  
  54  4:56  Stimpack  
  54  4:58  Marine x2  
  54  4:59  Supply Depot  
  57  5:01  SCV  
  57  5:02  Marine x2, Starport Reactor  
  60  5:07  SCV  
  60  5:13  SCV  
  62  5:17  Supply Depot  
  62  5:18  Refinery  
  62  5:21  Siege Tank, Marine, SCV  
  67  5:22  Refinery, Supply Depot  
  67  5:26  Engineering Bay  
  67  5:28  Engineering Bay  
  67  5:30  Marine, SCV  
  67  5:32  Marine  
  70  5:38  Marine x2, SCV  
  70  5:40  Medivac  
  75  5:46  Supply Depot  
  75  5:49  Marine x2  
  77  5:50  Marine  
  77  5:51  Medivac  
  77  5:53  SCV  
  77  5:56  SCV  
  82  6:02  Orbital Command  
  82  6:06  SCV  
  82  6:08  SCV  
  82  6:09  Terran Infantry Weapons Level 1, Terran Infantry Armor Level 1  
  84  6:13  Marine x4  
  84  6:15  Supply Depot  
  88  6:31  Orbital Command  
  88  6:35  SCV x2  
  90  6:40  Medivac x2  
  90  6:42  Siege Tank  
  90  6:43  Supply Depot  
  90  6:45  Marine x3  
  90  6:46  Marine x2, Supply Depot  
  102  6:55  Armory  
  102  6:58  SCV x2  
  102  6:59  SCV  
  105  7:02  Combat Shield  
  105  7:03  Marine x3  
  105  7:08  Barracks  
  108  7:10  Barracks  
  108  7:13  SCV x2  
  108  7:15  SCV  
  111  7:17  Marine x2  
  111  7:22  Refinery, Marine x2, Factory  
  113  7:23  Refinery  
  113  7:25  SCV x2  
  113  7:26  Supply Depot  
  113  7:28  Siege Tank  
  120  7:38  SCV x2  
  120  7:42  Marine x4, SCV  
  127  7:44  Terran Vehicle Weapons Level 1  
  127  7:45  Marine  
  127  7:46  Supply Depot  
  127  7:51  Medivac x2  
  130  7:54  Missile Turret  
  132  8:00  Barracks Reactor, Marine x2, Missile Turret  
  132  8:03  Barracks Reactor, Missile Turret  
  132  8:05  SCV x2  
  136  8:06  Factory Tech Lab, Terran Infantry Weapons Level 2  
  136  8:12  Supply Depot  
  136  8:14  Supply Depot  
  136  8:15  Terran Infantry Armor Level 2  
  136  8:16  SCV  
  136  8:19  Marine x3  
  139  8:20  Marine x2  
  142  8:37  Marine  
  143  8:41  Marine x4  
  143  8:42  Marine x4  
  143  8:43  Command Center  
  143  8:47  Siege Tank x2  
  157  8:51  Supply Depot  
  157  8:54  Supply Depot  
  157  8:55  Marine  
  158  9:00  Marine x2, Medivac x2  
  158  9:01  Marine  
  165  9:10  Missile Turret  
  165  9:12  Marine x2  
  165  9:15  Marine x3  
  165  9:16  Marine  
  171  9:18  Marine  
  171  9:23  Barracks x2  
  172  9:24  Barracks  
  172  9:29  Marine  
  172  9:30  Sensor Tower, Marine, Siege Tank  
  177  9:32  Siege Tank  
  180  9:40  Marine  
  180  9:43  Supply Depot  
  180  9:45  Medivac, Marine x3, Supply Depot  
  186  10:00  Marine x4  
  190  10:09  Marine x2  
  190  10:10  Marine x2  
  194  10:15  Barracks Reactor x2  
  194  10:17  Barracks Tech Lab  
  194  10:18  Barracks Reactor  
Show
View Real Time Build Order
Export as new Build Order

A.I. 1 (Very Easy) Terran 

Build Orders: Reaper Expand 

Get SALT Encoding   

  12  0:00  SCV  
  13  0:13  SCV  
  14  0:19  Supply Depot  
  14  0:45  Barracks  
  14  1:09  Command Center  
  14  1:34  Orbital Command, Supply Depot  
  14  1:35  Marine  
  15  1:41  Refinery  
  15  1:52  Refinery  
  15  2:00  SCV  
  16  2:12  SCV  
  17  2:21  Reaper  
  18  2:24  SCV  
  18  2:26  SCV  
  20  2:36  SCV  
  21  2:40  SCV  
  22  2:48  SCV  
  22  2:54  SCV  
  21  3:02  SCV  
  21  3:04  Marine  
  23  3:09  SCV  
  23  3:10  Refinery  
  22  3:16  SCV  
  21  3:23  SCV  
  21  3:31  SCV  
  22  3:38  SCV  
  23  3:45  SCV  
  23  3:46  Marine  
  25  3:50  Factory  
  25  3:52  SCV  
  26  4:11  SCV  
  27  4:18  SCV  
  28  4:25  SCV  
  28  4:28  Reaper  
  30  4:32  SCV  
  30  4:36  Starport  
  31  4:40  SCV  
  31  4:41  Refinery  
  32  4:47  SCV  
  32  4:48  Supply Depot  
  33  4:54  SCV  
  34  5:01  Barracks Tech Lab  
  34  5:02  SCV  
  35  5:09  SCV  
  35  5:14  Starport Tech Lab  
  36  5:16  SCV  
  36  5:19  Marine  
  38  5:23  SCV  
  39  5:30  SCV  
  39  5:32  Raven, Supply Depot  
  42  5:38  SCV  
  43  5:45  SCV  
  44  5:52  SCV  
  45  5:59  SCV  
  45  6:01  Marine  
  47  6:06  SCV  
  48  6:13  SCV  
  48  6:14  Raven  
  51  6:44  Marauder  
  53  9:38  Marine  
  53  9:40  Supply Depot  
  53  9:41  SCV  
  34  9:53  SCV  
  25  10:05  SCV  
  13  10:07  Supply Depot  
  13  10:08  Hellion  
  8  10:32  Supply Depot  
Tags
 
Add a new tag
Caveats
  • Supply blocks, unpowered buildings, or Contaminate may cause inaccurate times.
  • Supply counts are checked every 10 seconds.